[Event "45th FIDE Olympiad 2024"]
[Site "Budapest"]
[Date "2024.09.11"]
[Round "1.46"]
[White "Loay, Sameer"]
[Black "Abasov, Nijat"]
[Result "0-1"]
[ECO "A08"]
[WhiteElo "2194"]
[BlackElo "2626"]
[Annotator "TA"]
[PlyCount "100"]
[EventDate "2024.09.05"]
[EventType "team-tourn"]
[EventCountry "HUN"]
[SourceTitle "playchess.com"]
[Source "ChessBase"]
[SourceQuality "1"]
[WhiteTeam "Jordan"]
[BlackTeam "Azerbaijan"]
[WhiteTeamCountry "JOR"]
[BlackTeamCountry "AZE"]
[TimeControl "40/5400+30:1800+30"]

1. Nf3 c5 2. g3 Nc6 3. Bg2 e5 4. O-O d5 5. d3 Nf6 6. e4 d4 7. Na3 Bd6 8. Nc4 Bc7 9. a4 O-O 10. b3 Rb8 {[%emt 0:03:44] Black has an edge.} 11. Bd2 b6 12. Nh4 a6 13. Qe1 Re8 14. h3 Bd7 15. Nf5 b5 16. axb5 axb5 17. Na5 Nxa5 (17... Ne7 $15) 18. Bxa5 $11 Ra8 19. Bd2 (19. Bxc7 $5 Qxc7 20. Qd2 $14) 19... Re6 20. f4 Rea6 $36 {[%emt 0:04:34][%mdl 2048] Inhibits b4. Black is more active.} 21. Rc1 exf4 22. Bxf4 Bxf5 23. Bxc7 (23. exf5 $5 R8a7 (23... Bxf4 24. Rxf4 Rb8 25. Qe5 $17) 24. Bg5 $17) 23... Qxc7 24. Rxf5 ({Better is} 24. exf5 $15 Re8 25. Qf2) 24... Nd7 25. Qf2 (25. g4 $15) 25... Ne5 $17 26. Rf1 {[%emt 0:09:55][%cal Of5e5] [#] Strongly threatening Rxe5!} Re8 27. b4 $2 {[%emt 0:01:31] This move loses the game for White.} g6 $19 (27... cxb4 28. Qxd4 b3 29. cxb3 $19) 28. Rf4 cxb4 29. Qxd4 Qxc2 {[%emt 0:05:35] White must now prevent ...b3.} 30. Qd5 Qxd3 31. Qxd3 Nxd3 32. Rxf7 b3 {[%emt 0:01:31] aiming for ...b2.} 33. Rd7 Ne5 34. Rb7 b2 35. Rxb5 {[%emt 0:00:35] [#]} Nc4 {[%emt 0:00:05] Hoping for ...Ra1.} 36. Rb1 Na3 ({And not} 36... Ra1 37. R5xb2 Rea8 38. Rb4 $14) 37. R5xb2 Nxb1 38. Rxb1 {[%emt 0:00:02][%mdl 4096] Endgame. KRR-KRB} Ra3 {[%emt 0:00:34] Repels Bf3} 39. g4 Ra2 40. Re1 Kg7 41. Bf1 $2 (41. g5 {might work better.}) 41... Kf6 42. Bb5 Re5 43. Bc4 Rc2 44. Bd5 Kg5 {[%emt 0:00:00] Black is clearly winning.} 45. Rf1 Re7 ({But not} 45... Kh4 46. Rf2 Rc3 47. Bb7 $19) 46. Rf7 (46. Rf3 $142) 46... Rxf7 47. Bxf7 Kf4 {[%emt 0:00:00][%cal Of4g3] ( -> ...Kg3!)} 48. Bg8 Rc8 (48... Kxe4 49. Bxh7 Rc6 50. h4 $19) 49. Bd5 Kg3 50. Kf1 Kxh3 {[%emt 0:00:00] Weighted Error Value: White=0.39/Black=0.09 (flawless) .  Loses game:     	White=1     	---        Mistake:       	White=4     	Black=1      Inaccurate:     	White=2     	Black=3      OK:         	White=18    	Black=18     Best:        	---       	Black=3} 0-1

[Event "45th FIDE Olympiad 2024"]
[Site "Budapest"]
[Date "2024.09.11"]
[Round "1.46"]
[White "Matthew, Bailey"]
[Black "Jimenez Garcia, Emmanuel"]
[Result "0-1"]
[ECO "B10"]
[WhiteElo "1548"]
[BlackElo "2352"]
[Annotator "ChessBase"]
[PlyCount "76"]
[EventDate "2024.09.05"]
[EventType "team-tourn"]
[EventCountry "HUN"]
[SourceTitle "playchess.com"]
[Source "ChessBase"]
[SourceQuality "1"]
[WhiteTeam "Antigua and Barbuda"]
[BlackTeam "Costa Rica"]
[BlackTeamCountry "CRI"]
[TimeControl "40/5400+30:1800+30"]

1. e4 c6 2. b3 d5 3. Bb2 e6 4. e5 c5 5. Nf3 Ne7 6. c3 Bd7 7. d4 cxd4 8. cxd4 Nbc6 9. Be2 Ng6 10. g3 f6 11. O-O fxe5 12. Nxe5 Ncxe5 13. dxe5 Bc5 14. Nd2 O-O 15. Nf3 Qb6 16. Qd3 Rf5 17. Rac1 Raf8 18. a3 Rxf3 19. Bxf3 Bb5 20. Qc3 Bxf1 21. Rxf1 Bd4 22. Qxd4 Rxf3 23. Qa4 Qxb3 24. Qe8+ Nf8 25. Bc1 Rf7 26. Qb8 b6 27. h4 d4 28. h5 h6 29. Qa8 Qc2 30. Bf4 Qe2 31. Qc6 Qxh5 32. Qe4 Ng6 33. Qxd4 Nxf4 34. gxf4 Qg4+ 35. Kh2 Qh4+ 36. Kg2 Rxf4 37. Qe3 Qg5+ 38. Qg3 Rg4 0-1

[Event "45th FIDE Olympiad 2024"]
[Site "Budapest"]
[Date "2024.09.11"]
[Round "1.47"]
[White "Mamedov, Rauf"]
[Black "Saif, Malek"]
[Result "1-0"]
[ECO "C77"]
[WhiteElo "2637"]
[BlackElo "2162"]
[Annotator "RC"]
[PlyCount "77"]
[EventDate "2024.09.05"]
[EventType "team-tourn"]
[EventCountry "HUN"]
[SourceTitle "playchess.com"]
[Source "ChessBase"]
[SourceQuality "1"]
[WhiteTeam "Azerbaijan"]
[BlackTeam "Jordan"]
[WhiteTeamCountry "AZE"]
[BlackTeamCountry "JOR"]
[TimeControl "40/5400+30:1800+30"]

1. e4 e5 2. Nf3 Nc6 3. Bb5 a6 4. Ba4 Nf6 5. Nc3 Bc5 6. O-O b5 7. Bb3 d6 8. Nd5 Bg4 9. c3 Ba7 10. h3 Bh5 11. Nxf6+ gxf6 12. g4 Qd7 13. Nh4 Bg6 14. Qf3 Ke7 15. d3 h6 16. a4 b4 17. a5 Rag8 18. Be3 h5 19. g5 fxg5 20. Nxg6+ fxg6 21. Qf7+ Kd8 22. Qxd7+ Kxd7 23. Ba4 Bxe3 24. fxe3 Rg7 25. d4 bxc3 26. bxc3 g4 27. hxg4 hxg4 28. Kg2 Rh3 29. Rae1 exd4 30. cxd4 Re7 31. Rc1 Rxe3 32. Bxc6+ Ke6 33. Bb7 Rh7 34. Bc8+ Ke7 35. Rxc7+ Kd8 36. Rxh7 Re2+ 37. Kg1 Ke8 38. Bd7+ Kd8 39. Rf8+ 1-0

[Event "45th FIDE Olympiad 2024"]
[Site "Budapest"]
[Date "2024.09.11"]
[Round "1.47"]
[White "Cabezas Solano, David Alejandro"]
[Black "Farquhar, Abner"]
[Result "0-1"]
[ECO "D36"]
[WhiteElo "2248"]
[BlackElo "1678"]
[Annotator "ChessBase"]
[PlyCount "102"]
[EventDate "2024.09.05"]
[EventType "team-tourn"]
[EventCountry "HUN"]
[SourceTitle "playchess.com"]
[Source "ChessBase"]
[SourceQuality "1"]
[WhiteTeam "Costa Rica"]
[BlackTeam "Antigua and Barbuda"]
[WhiteTeamCountry "CRI"]
[TimeControl "40/5400+30:1800+30"]

1. d4 d5 2. c4 e6 3. Nc3 Nf6 4. cxd5 exd5 5. Bg5 c6 6. e3 h6 7. Bh4 Be7 8. Qc2 O-O 9. Bd3 Re8 10. Nge2 Ne4 11. Bxe7 Qxe7 12. Bxe4 dxe4 13. O-O Na6 14. Ng3 f5 15. f3 Nb4 16. Qb3+ Be6 17. Nxf5 Bxb3 18. Nxe7+ Rxe7 19. axb3 exf3 20. Ra4 fxg2 21. Rd1 Nc2 22. e4 Rf8 23. Raa1 Ref7 24. Kxg2 Rf2+ 25. Kg1 Nxa1 26. Rxa1 Rxb2 27. d5 cxd5 28. exd5 Rxb3 29. Ne4 Rd8 30. Rxa7 Rxd5 31. Kf2 Rh5 32. Kg2 Rb2+ 33. Kf3 Rhxh2 34. Nd6 b5 35. Nf5 Rhf2+ 36. Ke4 Rxf5 37. Kxf5 b4 38. Kg6 Rg2+ 39. Kf5 b3 40. Rb7 b2 41. Rb8+ Kh7 42. Rb7 h5 43. Rb4 g6+ 44. Kf6 Kh6 45. Rb8 Rf2+ 46. Ke5 h4 47. Ke4 Kg5 48. Ke3 Rg2 49. Kf3 h3 50. Rb5+ Kh6 51. Rb8 Rc2 0-1

[Event "45th FIDE Olympiad 2024"]
[Site "Budapest"]
[Date "2024.09.11"]
[Round "1.48"]
[White "Anas, Khwaira"]
[Black "Mamedyarov, Shakhriyar"]
[Result "1/2-1/2"]
[ECO "E24"]
[WhiteElo "1994"]
[BlackElo "2733"]
[Annotator "TA"]
[PlyCount "98"]
[EventDate "2024.09.05"]
[EventType "team-tourn"]
[EventCountry "HUN"]
[SourceTitle "playchess.com"]
[Source "ChessBase"]
[SourceQuality "1"]
[WhiteTeam "Jordan"]
[BlackTeam "Azerbaijan"]
[WhiteTeamCountry "JOR"]
[BlackTeamCountry "AZE"]
[TimeControl "40/5400+30:1800+30"]

1. d4 Nf6 2. c4 e6 3. Nc3 Bb4 4. a3 Bxc3+ 5. bxc3 Nc6 6. f3 d5 7. cxd5 exd5 8. e3 {[%emt 0:01:19] The position is equal.} Bf5 9. Ne2 h5 10. Ng3 Bg6 11. Bd3 h4 {[%emt 0:00:10] ...Bxd3 would now be deadly.} 12. Ne2 Bxd3 13. Qxd3 O-O {[%emt 0:00:05] [#]} (13... Na5 $11) 14. O-O $1 $16 Re8 15. Ra2 Na5 16. Nf4 c5 17. Re2 Nb3 18. Bb2 Qd6 19. Rfe1 ({White should try} 19. Qf5 $1 $14) 19... cxd4 20. cxd4 Na5 21. Bc3 Nc4 22. Bb4 Qc6 (22... Qd7 $11) 23. e4 $14 dxe4 ({Black should play} 23... a5 $1 $14 24. Bc5 b6 25. exd5 Qb5) 24. fxe4 $16 Rad8 {[%emt 0:10:03] [#] Repels Nd5} (24... a5 $16 {was worth a try.} 25. Bc3 Nxa3) 25. Nd5 $1 $18 {[%emt 0:03:15] Ne7+ is the strong threat.} Nh5 ({Not} 25... Nxd5 $2 26. exd5 Qc8 27. Rxe8+ Rxe8 28. Rxe8+ Qxe8 29. Qxc4 $18) (25... Rd7 $142 26. Nxf6+ gxf6) 26. Rc2 ({Inferior is} 26. Ne7+ Rxe7 27. Bxe7 Nf4 $11) 26... Rc8 27. Ne7+ Rxe7 28. Bxe7 {[%emt 0:00:01][%cal Oe1f1] aiming for Rf1!} Nf4 29. Qf1 Ng6 30. Bb4 b5 31. Rf2 Qd7 32. Bc5 a6 33. Qe2 h3 34. g3 Qe6 35. Qh5 Nce5 36. Ref1 Rc7 37. Qf5 {[%emt 0:02:50] Strongly threatening Qxe6.} Ng4 38. Qxe6 fxe6 39. Re2 (39. Rf3 $18) 39... Rc8 (39... e5 $16 40. Rd2 Kh7) 40. Bb4 Rd8 41. Bc5 Rc8 42. Rc1 Nf6 43. Kf2 Rc7 44. Ke1 Nh8 45. Kd2 Nf7 46. Kd3 Rd7 (46... Kh7 $142 47. d5 Ne5+ 48. Kd4 Nf3+ 49. Ke3 Ng5) 47. Kc3 {[%emt 0:02:21] Hoping for Kb4.} Ng5 {[%emt 0:03:56] White is clearly better.} 48. Rce1 Rc7 49. Kb4 Nf3 {[%emt 0:03:52] Weighted Error Value: White=0.28 (precise) /Black=0.31.  Loses game:     	---       	Black=1      Mistake:       	White=2     	Black=6      Inaccurate:     	White=3     	Black=2      OK:         	White=18    	Black=14     Best:        	White=2     	Black=3      Strong:       	White=2     	---} 1/2-1/2

[Event "45th FIDE Olympiad 2024"]
[Site "Budapest"]
[Date "2024.09.11"]
[Round "1.48"]
[White "Solomon, Jonathan"]
[Black "Pastor Carvajal, Jeigoth"]
[Result "0-1"]
[ECO "A47"]
[WhiteElo "1536"]
[BlackElo "2120"]
[Annotator "NA"]
[PlyCount "92"]
[EventDate "2024.09.05"]
[EventType "team-tourn"]
[EventCountry "HUN"]
[SourceTitle "playchess.com"]
[Source "ChessBase"]
[SourceQuality "1"]
[WhiteTeam "Antigua and Barbuda"]
[BlackTeam "Costa Rica"]
[BlackTeamCountry "CRI"]
[TimeControl "40/5400+30:1800+30"]

1. d4 Nf6 2. Bf4 b6 3. e3 Bb7 4. Nd2 g6 5. Ngf3 Bg7 6. Bd3 O-O 7. O-O d6 8. Re1 Nbd7 9. c3 Re8 10. e4 e5 11. Bg3 Qe7 12. Qc2 Rad8 13. Rad1 a6 14. a4 h6 15. h3 Nh5 16. Bh2 Qf6 17. b4 Nf4 18. Bxf4 Qxf4 19. b5 a5 20. g3 Qf6 21. Kg2 Qe7 22. d5 Nc5 23. Bc4 Bc8 24. Nh4 Rf8 25. Ndf3 Kh7 26. Nd2 Qd7 27. Rh1 f5 28. f3 f4 29. Nf1 Bf6 30. Kf2 Bxh4 31. gxh4 Qe7 32. Kg2 Qxh4 33. Be2 Rf7 34. Ra1 Rdf8 35. Bd1 h5 36. Be2 Kg7 37. Bd1 Kf6 38. Be2 Ke7 39. Bd1 Rg7 40. Be2 Qf6 41. Bd1 g5 42. Be2 g4 43. h4 gxf3+ 44. Kxf3 Bg4+ 45. Kf2 Bxe2 46. Qxe2 Rg2+ 0-1

[Event "45th FIDE Olympiad 2024"]
[Site "Budapest"]
[Date "2024.09.11"]
[Round "1.49"]
[White "Smith, Shreyas"]
[Black "Anton Guijarro, David"]
[Result "0-1"]
[ECO "B30"]
[WhiteElo "2226"]
[BlackElo "2665"]
[Annotator "TA"]
[PlyCount "104"]
[EventDate "2024.09.05"]
[EventType "team-tourn"]
[EventCountry "HUN"]
[SourceTitle "playchess.com"]
[Source "ChessBase"]
[SourceQuality "1"]
[WhiteTeam "Jamaica"]
[BlackTeam "Spain"]
[WhiteTeamCountry "JAM"]
[BlackTeamCountry "ESP"]
[TimeControl "40/5400+30:1800+30"]

1. e4 c5 2. Nf3 Nc6 3. Bb5 e6 4. Bxc6 bxc6 5. d3 Ne7 6. Nh4 Ng6 7. Nxg6 hxg6 8. Qe2 d5 {[%emt 0:23:50] The position is equal.} 9. b3 a5 10. c4 (10. a4 $11) 10... a4 $15 11. Bb2 d4 12. Nd2 (12. e5 $15 {was preferrable.}) 12... Qa5 (12... Qg5 $17 13. Kf1 e5) 13. Rd1 (13. e5 $11) 13... g5 {[%emt 0:02:46] Black is more active.} 14. e5 f5 15. exf6 gxf6 16. Qf3 (16. h3 $11 {remains equal.}) 16... Kf7 (16... f5 $17 17. Qg3 Be7) 17. Qxc6 (17. g3 $15) 17... Rb8 $17 18. O-O Qd8 {[%emt 0:08:43][%mdl 1024] Black has strong compensation.} 19. Qf3 (19. Rfe1 $17) 19... Bb7 $19 20. Qe2 Bd6 21. h3 Bc7 $2 {[%emt 0:03:12] This pair of bishops is nice.} (21... g4 $19 22. f3 (22. bxa4 $2 {is the wrong capture.} gxh3 23. f3 hxg2 $19) (22. Qxg4 $2 {too greedy.} f5 $19) 22... gxh3) 22. Rde1 (22. Ne4 $17) 22... Qd6 23. f4 gxf4 24. Ne4 Bxe4 25. Qxe4 axb3 26. axb3 Rxb3 $40 {[%emt 0:01:42][%mdl 128] Black has strong attack.} (26... f5 $19 27. Qe2 Rxb3) 27. Bc1 $17 e5 28. Re2 Rb6 (28... Qd7 $1 $19 {...f5 is the strong threat.} 29. Ra2 f5) 29. Ra2 $11 Bb8 {[%emt 0:00:44] Black wants to play ...Qc6.} 30. Ra5 {[%emt 0:01:03] [#]} (30. Rb2 $1 $11) 30... Qc6 $1 $17 31. Qf5 Rg8 32. Qh5+ {[%emt 0:02:05] [#]} (32. Ra2 $17) 32... Rg6 $1 $19 33. Ra2 Kg7 {[%emt 0:00:41] Prevents Qh7+.} 34. Re2 (34. Raf2 $142) 34... Rg5 35. Qh4 Qd7 36. Rfe1 (36. Rf3 $142) 36... Qf5 37. g4 Qh7 {[%emt 0:00:54] Repels Bxf4} (37... Qxd3 $142 38. Bxf4 Rg6 (38... exf4 39. Re7+ Kg8 40. Re8+ Kf7 41. R1e7+ Kg6 42. Qh7#)) 38. Qxh7+ Kxh7 39. Kg2 Rb3 40. Rb2 Rxb2+ 41. Bxb2 $17 {[%emt 0:30:07][%mdl 4096] Endgame. KRB-KRB} Rg7 42. Ba3 (42. Kf3 $17) 42... Bd6 $19 {[%emt 0:00:31] aiming for ...Ra7.} 43. Rb1 (43. Kf3 {was necessary.}) 43... Ra7 44. Rb3 Kg6 45. Kf3 (45. h4 $142) 45... Kg5 46. Bb2 Rh7 47. Kg2 f5 48. gxf5 Kxf5 49. Rb6 Be7 {[%emt 0:00:00] Threatens to win with ...Rg7+.} 50. Rb7 e4 51. dxe4+ Kxe4 52. Ba3 d3 {[%emt 0:00:00] Weighted Error Value: White=0.54/Black=0.32.  Missed win:     	---       	Black=1      Mistake:       	White=14    	Black=5      Inaccurate:     	White=1     	Black=3      OK:         	White=8     	Black=21     Best:        	White=7     	Black=2      Strong:       	---       	Black=1} 0-1

[Event "45th FIDE Olympiad 2024"]
[Site "Budapest"]
[Date "2024.09.11"]
[Round "1.49"]
[White "Celis, Joel"]
[Black "Middelburg, Tom"]
[Result "1/2-1/2"]
[ECO "B13"]
[WhiteElo "1929"]
[BlackElo "2355"]
[Annotator "ChessBase"]
[PlyCount "86"]
[EventDate "2024.09.05"]
[EventType "team-tourn"]
[EventCountry "HUN"]
[SourceTitle "playchess.com"]
[Source "ChessBase"]
[SourceQuality "1"]
[WhiteTeam "Macau"]
[BlackTeam "New Zealand"]
[WhiteTeamCountry "MAC"]
[BlackTeamCountry "NZL"]
[TimeControl "40/5400+30:1800+30"]

1. e4 c6 2. d4 d5 3. exd5 cxd5 4. Nf3 Nc6 5. c3 Nf6 6. Bd3 g6 7. O-O Bg7 8. Re1 O-O 9. h3 Bf5 10. Bxf5 gxf5 11. Bg5 Ne4 12. Qc1 f6 13. Bh6 e6 14. Na3 Rc8 15. Nc2 b5 16. Bxg7 Kxg7 17. Qf4 Ne7 18. a4 bxa4 19. Rxa4 Qb6 20. Rb4 Qc7 21. Qxc7 Rxc7 22. Ra1 Nc6 23. Rb3 Rb8 24. Rxb8 Nxb8 25. Nb4 Rb7 26. Ne1 Kf7 27. Ned3 Re7 28. f3 Nd6 29. Kf2 Nc4 30. b3 Nd6 31. Ra5 Rc7 32. Nc5 Nc8 33. Ke3 Nc6 34. Nxc6 Rxc6 35. b4 Ke7 36. Kd3 Kd6 37. b5 Rb6 38. c4 dxc4+ 39. Kxc4 Ke7 40. Na6 Nd6+ 41. Kb4 Nb7 42. Ra2 Nd6 43. Ra5 Ke8 1/2-1/2

[Event "45th FIDE Olympiad 2024"]
[Site "Budapest"]
[Date "2024.09.11"]
[Round "1.50"]
[White "Vallejo Pons, Francisco"]
[Black "Glaves, Raheem"]
[Result "1-0"]
[ECO "A42"]
[WhiteElo "2657"]
[BlackElo "2094"]
[Annotator "RC"]
[PlyCount "81"]
[EventDate "2024.09.05"]
[EventType "team-tourn"]
[EventCountry "HUN"]
[SourceTitle "playchess.com"]
[Source "ChessBase"]
[SourceQuality "1"]
[WhiteTeam "Spain"]
[BlackTeam "Jamaica"]
[WhiteTeamCountry "ESP"]
[BlackTeamCountry "JAM"]
[TimeControl "40/5400+30:1800+30"]

1. e4 d6 2. d4 Nd7 3. c4 g6 4. Nc3 Bg7 5. Bg5 h6 6. Be3 e6 7. Bd3 Ne7 8. Nge2 Nc6 9. Bc2 Nb6 10. b3 Bd7 11. Qd2 a5 12. O-O Nb4 13. Bb1 Nc8 14. a3 Nc6 15. Bc2 N6e7 16. Rad1 a4 17. b4 Nb6 18. Bd3 d5 19. exd5 exd5 20. c5 Nc4 21. Bxc4 dxc4 22. d5 Nf5 23. Nd4 Qh4 24. c6 bxc6 25. dxc6 Be6 26. Nxe6 fxe6 27. Qd7+ Kf8 28. Nb5 Kg8 29. Nxc7 Kh7 30. Nxa8 Rxa8 31. c7 Qe4 32. Bc5 c3 33. c8=Q Rxc8 34. Qxc8 Nh4 35. f3 Qe2 36. Bf2 c2 37. Rde1 Nxf3+ 38. gxf3 Qxf3 39. Qxc2 h5 40. Re3 Qf6 41. Qe4 1-0

[Event "45th FIDE Olympiad 2024"]
[Site "Budapest"]
[Date "2024.09.11"]
[Round "1.50"]
[White "Renjith, Sravan"]
[Black "Mak, Tong Kuan"]
[Result "1-0"]
[ECO "D30"]
[WhiteElo "2325"]
[BlackElo "1902"]
[Annotator "ChessBase"]
[PlyCount "79"]
[EventDate "2024.09.05"]
[EventType "team-tourn"]
[EventCountry "HUN"]
[SourceTitle "playchess.com"]
[Source "ChessBase"]
[SourceQuality "1"]
[WhiteTeam "New Zealand"]
[BlackTeam "Macau"]
[WhiteTeamCountry "NZL"]
[BlackTeamCountry "MAC"]
[TimeControl "40/5400+30:1800+30"]

1. Nf3 Nf6 2. c4 e6 3. b3 d5 4. Bb2 c5 5. g3 Nc6 6. cxd5 exd5 7. Bg2 Be7 8. O-O O-O 9. d4 Ne4 10. dxc5 Nxc5 11. Nc3 Bf6 12. Rc1 Ne4 13. a3 Re8 14. Ba1 Be6 15. b4 Nxc3 16. Bxc3 d4 17. Ba1 Qb6 18. Nd2 a5 19. Ne4 Be5 20. b5 Qxb5 21. Rb1 Qc4 22. Qd2 Qa2 23. Qxa2 Bxa2 24. Rxb7 Ra7 25. Rxa7 Nxa7 26. f4 f5 27. fxe5 fxe4 28. Bxd4 Nc6 29. Bc3 Nxe5 30. Bxe4 a4 31. Rf5 Ng4 32. Bd3 h6 33. Ra5 Bb3 34. Ra7 Nf6 35. Rc7 Bd1 36. Bg6 Rd8 37. e4 Bf3 38. Kf2 Bxe4 39. Bxf6 Bxg6 40. Bxd8 1-0

[Event "45th FIDE Olympiad 2024"]
[Site "Budapest"]
[Date "2024.09.11"]
[Round "1.51"]
[White "Shaw, Jaden"]
[Black "Pichot, Alan"]
[Result "0-1"]
[ECO "B52"]
[WhiteElo "2051"]
[BlackElo "2628"]
[Annotator "TA"]
[PlyCount "80"]
[EventDate "2024.09.05"]
[EventType "team-tourn"]
[EventCountry "HUN"]
[SourceTitle "playchess.com"]
[Source "ChessBase"]
[SourceQuality "1"]
[WhiteTeam "Jamaica"]
[BlackTeam "Spain"]
[WhiteTeamCountry "JAM"]
[BlackTeamCountry "ESP"]
[TimeControl "40/5400+30:1800+30"]

1. e4 c5 2. Nf3 d6 3. Bb5+ Bd7 4. Bxd7+ Nxd7 5. O-O e6 6. c4 Ne5 7. d3 Ne7 8. Ne1 {[%emt 0:09:12] The position is equal.} d5 (8... g6 $11) 9. exd5 $14 exd5 10. Nf3 N5c6 11. cxd5 Nxd5 12. Qb3 Qd7 13. Nc3 O-O-O 14. Rd1 Be7 15. d4 Qe6 16. Bg5 (16. Kf1 {simplifies} Nxc3 17. bxc3 cxd4 18. Nxd4 Nxd4 19. cxd4 Qxb3 20. axb3 a6 21. Bf4) 16... Bxg5 17. Nxg5 Qf5 18. Nf3 {[%emt 0:02:40] [#]} (18. dxc5 Nxc3 19. bxc3 Rxd1+ (19... Qxg5 $2 20. Qxf7 Qf6 21. Qc4 $19) 20. Rxd1 Qxg5 $17) (18. Nce4 $1 $11 Nxd4 19. Qc4) 18... Nf4 $1 $17 {[%emt 0:04:20] Strongly threatening ...Qg4. Black continues to play with concentration.} 19. dxc5 {[%emt 0:08:01] [#]} Nxg2 $1 {[%emt 0:06:31] Active counter play!} 20. Nb5 (20. Rxd8+ Rxd8 21. Nb5 (21. Kxg2 $2 Qg4+ 22. Kf1 Qxf3 $19) 21... Nf4 $19 (21... Qg4 $2 22. Kh1 $16)) ({White should try} 20. Ne2 Nf4 21. Nxf4 Qxf4 22. Rd6) (20. Nd5 Nf4) 20... Nf4 $40 {[%emt 0:01:25][%mdl 128] ( -> ...Qg4+). Black is out for blood.} 21. Kh1 {[%emt 0:02:16] Nd6+ is the strong threat.} Nd3 {[%emt 0:03:28] Dancing on a razor blade.} ({Don't play} 21... Qxc5 22. Rdc1 (22. Qxf7 Qxb5 23. Qxf4 Qxb2 $15) 22... Qd5 (22... Qxf2 23. Rc2 $11) 23. Nxa7+ Kc7 24. Nxc6 bxc6 25. Qe3 $11) 22. Rxd3 Qxd3 (22... Rxd3 23. Nd6+ Rxd6 24. cxd6 $11) 23. Nd6+ Rxd6 $1 24. cxd6 Qxb3 ({But not} 24... Qxd6 $6 25. Qxf7 Qf8 26. Qxf8+ Rxf8 27. Kg2 $11) 25. axb3 {[%emt 0:00:07][%mdl 4096] Endgame. KRN-KRN} Kd7 26. Rd1 (26. Ng5 $17) 26... f6 $19 27. Rd5 Re8 28. b4 (28. Kg2 {keeps fighting.}) 28... Re2 (28... Nxb4 29. Rb5 a5 30. Rxb7+ Kxd6 31. Rxg7 $17) 29. b5 Nd8 30. b4 Rxf2 31. Nd4 (31. Nd2) 31... Rd2 32. b6 axb6 33. b5 Ne6 34. Nxe6 Rxd5 {[%emt 0:00:05] Black mates.} 35. Nxg7 Rxb5 {[%emt 0:00:10] KR-KN} 36. h4 Re5 37. h5 b5 38. h6 b4 39. Kg2 b3 40. Kf3 b2 {[%emt 0:00:05] Weighted Error Value: White=0.66/Black=0.04 (flawless) .  Mistake:       	White=5     	Black=1      Inaccurate:     	White=3     	---        OK:         	White=9     	Black=14     Best:        	White=1     	Black=2      Strong:       	---       	Black=2      Brilliant:      	---       	Black=1} 0-1

[Event "45th FIDE Olympiad 2024"]
[Site "Budapest"]
[Date "2024.09.11"]
[Round "1.51"]
[White "Wong, Kai Meng"]
[Black "Croad, Nicolas"]
[Result "0-1"]
[ECO "D30"]
[WhiteElo "1795"]
[BlackElo "2195"]
[Annotator "ChessBase"]
[PlyCount "52"]
[EventDate "2024.09.05"]
[EventType "team-tourn"]
[EventCountry "HUN"]
[SourceTitle "playchess.com"]
[Source "ChessBase"]
[SourceQuality "1"]
[WhiteTeam "Macau"]
[BlackTeam "New Zealand"]
[WhiteTeamCountry "MAC"]
[BlackTeamCountry "NZL"]
[TimeControl "40/5400+30:1800+30"]

1. d4 Nf6 2. Nf3 d5 3. e3 e6 4. c4 Bb4+ 5. Bd2 Be7 6. Nc3 O-O 7. Qc2 b6 8. cxd5 exd5 9. Bd3 Bb7 10. O-O c5 11. b3 Nc6 12. a3 Re8 13. Bb5 Bd6 14. Rfd1 a6 15. Bd3 Rc8 16. dxc5 bxc5 17. Na4 Qe7 18. Nb6 Rcd8 19. a4 Ne5 20. Be2 d4 21. Nxe5 Bxe5 22. Rac1 Ne4 23. Bf1 Bxh2+ 24. Kxh2 Qh4+ 25. Kg1 Qxf2+ 26. Kh2 Rd6 0-1

[Event "45th FIDE Olympiad 2024"]
[Site "Budapest"]
[Date "2024.09.11"]
[Round "1.52"]
[White "Santos Latasa, Jaime"]
[Black "McKennis, Darren"]
[Result "1-0"]
[ECO "D45"]
[WhiteElo "2624"]
[BlackElo "1905"]
[Annotator "TA"]
[PlyCount "73"]
[EventDate "2024.09.05"]
[EventType "team-tourn"]
[EventCountry "HUN"]
[SourceTitle "playchess.com"]
[Source "ChessBase"]
[SourceQuality "1"]
[WhiteTeam "Spain"]
[BlackTeam "Jamaica"]
[WhiteTeamCountry "ESP"]
[BlackTeamCountry "JAM"]
[TimeControl "40/5400+30:1800+30"]

1. c4 c6 2. Nf3 d5 3. e3 Nf6 4. Nc3 e6 5. b3 Bd6 6. Bb2 Nbd7 7. Qc2 O-O 8. Be2 a6 9. d4 dxc4 10. bxc4 c5 11. O-O Qc7 {[%emt 0:01:30] The position is equal.} 12. d5 exd5 13. Nxd5 Nxd5 14. cxd5 Re8 15. a4 {[%emt 0:01:06] White is much more active.} b6 16. Rfd1 Nf8 17. h3 $40 {[%emt 0:02:52][%mdl 128] White attacks.} Bd7 18. Nd2 Be5 (18... Ng6 $11) 19. Bxe5 $16 Qxe5 20. Nc4 Qf6 21. a5 Bf5 {[%emt 0:01:14] [#]} 22. Qc1 Nd7 (22... b5 $142) 23. axb6 Nxb6 24. Ra5 Nd7 25. f3 Qg5 {[%emt 0:03:04] Loses the game.} (25... Qg6 $16 26. h4 (26. e4 Bxh3 27. Bf1 Ne5 $16) 26... Qf6) 26. e4 $18 Qxc1 27. Rxc1 {[%emt 0:00:13] aiming for Nd6.} Bg6 28. g4 f6 29. Rca1 Reb8 30. Rxa6 Rxa6 31. Rxa6 Kf8 32. Ra7 Ke7 (32... Ne5 33. Kf2 Nxc4) 33. Kf2 Bf7 34. Na5 {[%emt 0:03:59] Threatens to win with Nc6+.} Rb6 35. Nb7 Ke8 {[%emt 0:01:04] [#]} (35... c4 $142 36. Bxc4 Kf8) 36. Bb5 $1 Bg6 (36... Rxb5 37. Nd6+) 37. Bc6 {[%emt 0:01:04] Weighted Error Value: White=0.08 (flawless) /Black=0.39.  Mistake:       	---       	Black=5      Inaccurate:     	White=2     	Black=3      OK:         	White=14    	Black=6      Best:        	White=1     	Black=2} 1-0